AoeStats
← Gonz

Arena

505526813Analyzed
3v3 RM · 22d ago on Sep 9, 2026· 29m 38s· 6 players
Game mode
Random Map
Map size
Normal (6 player)
Population
200
Speed
Normal
Resources
Standard
Victory
Conquest
Starting age
Dark Age
Ending age
Imperial Age
RankedLock teamsTeams togetherTeam positionsShared explorationLock speedFull tech treeHidden civsTurbo modeCheats
Victory
Defeat
🇧🇷 Japanese · Brazil
1439
+13
🇧🇷 Slavs · Brazil
1407
+14
🇧🇷 Persians · Brazil
1204
+22
🇦🇷 Gurjaras · Argentina
1475
-21
🇦🇷 Portuguese · Argentina
1401
-18
🇦🇷 Spanish · Argentina
1203
-10
AeroLag
12:00 Feudal Age
13:17 Double-Bit Axe
13:41 Horse Collar
16:21 Castle Age
16:05 Gold Mining
23:09 Scale Mail Armor
24:28 Forging
Lord BELO
10:43 Feudal Age
14:37 Castle Age
12:23 Double-Bit Axe
15:31 Bow Saw
15:14 Horse Collar
22:26 Wheelbarrow
24:42 Gold Mining
24:42 Stone Mining
26:13 Heavy Plow
27:01 Loom
28:37 Fletching
32:37 Imperial Age
MAMA YAGA
7:05 Loom
10:41 Feudal Age
14:39 Castle Age
14:53 Double-Bit Axe
15:00 Gold Mining
14:52 Horse Collar
15:16 Loom
24:54 Scale Barding Armor
26:24 Bloodlines
27:05 Husbandry
28:46 Wheelbarrow
29:24 Gold Shaft Mining
29:23 Forging
Nachom
11:21 Feudal Age
10:06 Loom
15:10 Castle Age
13:03 Double-Bit Axe
13:19 Horse Collar
13:56 Gold Mining
16:06 Bow Saw
16:19 Scale Barding Armor
20:26 Husbandry
21:55 Bloodlines
24:03 Wheelbarrow
24:49 Redemption
32:09 Imperial Age
garciaezequiel91
11:16 Feudal Age
15:02 Castle Age
13:38 Double-Bit Axe
13:51 Horse Collar
14:05 Loom
16:23 Bow Saw
16:14 Heavy Plow
17:18 Gold Mining
22:53 Wheelbarrow
24:27 Hand Cart
30:57 Imperial Age
32:05 Imperial Age
Gonz
4:54 Loom
11:40 Feudal Age
13:00 Double-Bit Axe
16:52 Castle Age
20:03 Wheelbarrow
25:38 Bloodlines
25:29 Husbandry
26:54 Light Cavalry
28:23 Padded Archer Armor
Connection lost

Rejoining the realm…

Still unreachable

The connection could not be restored.

Session expired

The server has moved on; the page needs a fresh start.